 Dungeon Crawl Stone Soup version 0.25.1-2-g60ff931df9 (webtiles) character file.

Game seed: 2373057772943738670

46699 protoss039 the Unseen (level 14, -2/65 HPs)
             Began as a Spriggan Enchanter on Aug 2, 2020.
             Was a High Priest of Dithmenos.
             Engulfed by an ice statue's freezing vapour (19 damage)
             ... in a Gauntlet.
             The game lasted 02:06:34 (22072 turns).

protoss039 the Unseen (Spriggan Enchanter)         Turns: 22072, Time: 02:06:34

Health: -2/65      AC:  9    Str:  6    XL:     14   Next: 5%
Magic:  39/40      EV: 21    Int: 25    God:    Dithmenos [*****.]
Gold:   946        SH:  5    Dex: 21    Spells: 12/37 levels left

rFire    . . .     SeeInvis +   E - +3 dagger (venom)
rCold    . . .     Gourm    .   (shield restricted)
rNeg     . . .     Faith    .   I - +0 acid dragon scales
rPois    +         Spirit   .   (helmet restricted)
rElec    .         Reflect  +   L - +1 cloak {rPois}
rCorr    +         Harm     .   (gloves unavailable)
MR       ++...     NoTele   +   (boots unavailable)
Stlth    ++++++++++             B - amulet of reflection
HPRegen  0.20/turn              e - ring "Muuch" {rPois MP+9 Str+2 Dex+2 Slay+2}
MPRegen  0.27/turn              g - +6 ring of intelligence

@: confusing touch, wreathed by umbra, very quick
A: very small, unfitting armour, see invisible, herbivore, speed 3, slow
metabolism 2
a: Shadow Step, Shadow Form, Renounce Religion


You were in a Gauntlet.
You worshipped Dithmenos.
Dithmenos was extremely pleased with you.
You were very hungry.

You visited 3 branches of the dungeon, and saw 17 of its levels.
You also visited: Gauntlet.

You collected 946 gold pieces.

Inventory:

Hand Weapons
 a - a +2 dagger of protection
 E - a +3 dagger of venom (weapon)
Missiles
 q - 116 poisoned darts (quivered)
Armour
 I - +0 acid dragon scales (worn)
 L - a +1 cloak of poison resistance (worn)
 P - the +3 buckler of Ynih {*Slow rN+ Dex+5, unknown}
   (You found it on level 15 of the Dungeon)

   It affects your dexterity (+5).
   It protects you from negative energy.
   It may slow you when you take damage.
 Q - a +0 troll leather armour
Jewellery
 e - the ring "Muuch" (left hand) {rPois MP+9 Str+2 Dex+2 Slay+2}
   (You found it on level 9 of the Dungeon)

   [ring of magical power]

   It affects your strength (+2).
   It affects your dexterity (+2).
   It affects your accuracy and damage with ranged weapons and melee attacks
   (+2).
   It protects you from poison.
   It affects your magic capacity (+9).
 g - a +6 ring of intelligence (right hand)
 t - an uncursed ring of wizardry
 B - an amulet of reflection (around neck)
 C - an uncursed ring of flight
Wands
 h - a wand of flame (22)
 m - a wand of disintegration (28)
 p - a wand of iceblast (21)
 K - a wand of clouds (8)
 N - a wand of paralysis (5)
Scrolls
 j - 3 scrolls of remove curse
 l - 3 scrolls of enchant armour
 n - 2 scrolls of blinking
 u - 5 scrolls of enchant weapon
 w - 2 scrolls of fear
 x - 6 scrolls of teleportation
 z - a scroll of brand weapon
 D - 2 scrolls of magic mapping
 G - a scroll of amnesia
 H - a scroll of fog
Potions
 b - a potion of might {unknown}
 c - 3 potions of mutation
 f - a potion of resistance {unknown}
 i - a potion of berserk rage {unknown}
 k - 2 potions of heal wounds
 o - a potion of cancellation {unknown}
 r - 2 potions of flight {unknown}
 s - 4 potions of curing
 v - 5 potions of lignification
 A - 3 potions of brilliance {unknown}
 F - a potion of stabbing {unknown}
 J - a potion of haste {unknown}
 M - a potion of magic {unknown}
 O - a potion of invisibility {unknown}
Comestibles
 d - 18 rations


   Skills:
 * Level 3.6 Fighting
 * Level 8.7 Short Blades
 + Level 2.0 Throwing
 - Level 5.0 Armour
 + Level 7.0 Dodging
 + Level 18.3 Stealth
 + Level 12.4 Spellcasting
 * Level 2.8 Conjurations
 + Level 10.3 Hexes
   Level 2.3 Charms
 - Level 6.0 Ice Magic
 * Level 2.0 Air Magic
 * Level 8.0 Invocations


You had 12 spell levels left.
You knew the following spells:

 Your Spells              Type           Power        Failure   Level  Hunger
a - Corona                Hex            ######.      1%          1    None
b - Ensorcelled Hibernat  Hex/Ice        ######       1%          2    None
c - Confusing Touch       Hex            ######..     1%          3    None
d - Tukima's Dance        Hex            ######..     1%          3    None
e - Dazzling Flash        Conj/Hex       #####.       1%          3    None
f - Cause Fear            Hex            ######....   1%          4    None
g - Slow                  Hex            ######..     1%          2    None
h - Static Discharge      Conj/Air       ####....     8%          3    None
i - Airstrike             Air            ####......   30%         4    None

Your spell library contained the following spells:

 Spells                   Type           Power        Failure   Level  Hunger
 Shock                    Conj/Air       ####         2%          1    None
 Inner Flame              Hex/Fire       #####...     2%          3    None
 Portal Projectile        Hex/Tloc       #####.       2%          3    None
 Swiftness                Chrm/Air       ####....     4%          2    None
 Apportation              Tloc           ###...       7%          1    None
 Summon Butterflies       Summ           ###.....     7%          1    None
 Leda's Liquefaction      Hex/Erth       #####.....   9%          4    None
 Invisibility             Hex            ######..     16%         6    #####..
 Lesser Beckoning         Tloc           ###.......   22%         3    None
 Lightning Bolt           Conj/Air       ####......   58%         5    ###....
 Alistair's Intoxication  Tmut/Pois      ###.....     89%         5    ###....


Dungeon Overview and Level Annotations

Branches:
Dungeon (15/15)            Temple (1/1) D:7            Lair (1/6) D:9
    Orc (0/2) D:12         Vaults (0/5) D:14         Depths (0/5) D:15
Gauntlet (1/1)

Altars:
Ashenzari
Cheibriados
Dithmenos
Elyvilon
Fedhas
Gozag
Hepliaklqana
Kikubaaqudgha
Makhleb
Nemelex Xobeh
Okawaru
Qazlal
Ru
Sif Muna
Trog
Uskayaw
Vehumet
Wu Jian
Xom
Yredelemnul
Zin
The Shining One

Shops:
D:11 %   D:14 !

Annotations:
D:14 1 exclusion Gauntlet 13 transporters, 2 runed translucent doors, exclusions: ice statue, obsidian statue and orange crystal statue


Innate Abilities, Weirdness & Mutations

You are very small and have problems with some larger weapons.
You are too small for most types of armour.
You have supernaturally acute eyesight. (SInv)
You are a herbivore.
You cover ground extremely quickly.
You need to consume almost no food.


Message History

Unknown command.
Okay, then.
Press: ? - help, v - describe, . - travel
Here: an ice statue (freezing vapour, chance to confuse on hit: 0%, umbra)
The floor.
Press: ? - help, v - describe, . - travel
Here: an ice statue (freezing vapour, chance to confuse on hit: 0%, umbra)
The floor.
Evoke which item? (* to show all) (? for menu, Esc to quit)
Okay, then.
You are engulfed in freezing vapours.
You see here 2 metallic brown potions.
You are engulfed in freezing vapours.
The ice statue gestures at you. The freezing blast misses you.
There is a transporter here.
You are engulfed in freezing vapours.
* * * LOW HITPOINT WARNING * * *
You are engulfed in freezing vapours.
You die...

#...#J.J#.PP≈≈≈≈≈.P.#.##..#.#.PPP
####©####.♣P#≈#≈#.♣.#...©...#.♣P.
#...#...#...≈≈≈≈≈PP.#.#..##.#.P..
#.#####.#...#≈#≈#...###.###.#.♣..
#......J#...........###..D..#...#
#############################..≈#
...#©.........©.........©#....≈≈#
...#######################...####
≈.........#8°○°°@.#.........≈#
≈≈..♣.PP♣.#°#####.#.♣PPP♣..≈≈#
###..P.PP.#°#≈≈≈#†#...PP..####
#≈..♣P..#.#.©.#.#...♣..≈#
#≈≈..PP.#°+...'.#.P...≈≈#
####..♣.#.#####.#.♣..####
#≈...#.......#...≈#
#≈≈..#########..≈≈#
####.....©.....####


You could see an ice statue.

Vanquished Creatures
  Kirke (D:14)
  5 centaur warriors
  5 two-headed ogres
  A death knight (D:12)
  An ogre mage (D:14)
  2 tengu warriors
  A fire crab (shapeshifter) (D:15)
  An unseen horror (D:9)
  A wizard (D:15)
  2 wolf spider zombies
  A lindwurm (shapeshifter) (D:15)
  2 cyclopes
  An ugly thing (D:12)
  12 deep elf magi (D:13)
  Maurice (D:9)
  4 centaur zombies
  2 manticores
  A guardian serpent (shapeshifter) (D:15)
  4 gargoyles
  A spiny frog (Lair:1)
  Maggie (D:8)
  A rime drake (Gauntlet)
  An efreet (D:13)
  3 kobold demonologists
  A freezing wraith (D:15)
  3 meliai
  A troll (shapeshifter) (D:14)
  A queen bee (shapeshifter) (D:14)
  2 tengu conjurers
  8 trolls
  A hornet (D:11)
  A wind drake (shapeshifter) (D:15)
  A hippogriff (shapeshifter) (D:15)
  4 hippogriffs
  10 slime creatures
  A shadow (D:15)
  2 water elementals (D:15)
  4 wyverns
  7 yaks
  3 hogs (D:8)
  A yak (shapeshifter) (D:15)
  A human (D:8)
  2 steam dragons
  2 hungry ghosts
  Grum (D:9)
  A soldier ant (shapeshifter) (D:15)
  5 ice beasts
  10 orc warriors
  5 sky beasts
  5 phantoms
  2 eyes of draining
  8 boggarts
  4 necrophages
  3 wolves (D:9)
  5 ogres
  18 centaurs
  3 crocodiles
  8 big kobolds
  12 bullfrogs
  A wyvern zombie (D:10)
  A wyvern skeleton (D:9)
  3 scorpions
  7 wights (D:13)
  2 electric eels (D:15)
  2 howler monkeys (D:10)
  5 crimson imps
  2 bullfrog zombies
  3 quasits
  10 hounds
  7 jellies
  5 centaur skeletons
  3 bullfrog skeletons
  9 orc priests
  11 orc wizards
  Terence (D:2)
  4 iguanas
  8 worker ants
  2 hound zombies (D:9)
  2 hound skeletons
  Robin (D:3)
  2 worker ant zombies (D:8)
  A gnoll (D:1)
  2 howler monkey skeletons
  8 adders
  3 shadow imps
  4 oozes
  2 adder zombies
  3 adder skeletons
  2 worms (D:2)
  7 leopard geckos
  51 orcs
  A ball python (D:1)
  3 giant cockroaches
  14 goblins
  6 hobgoblins
  3 jackals (D:7)
  A quokka (D:8)
  2 bats
  9 frilled lizards
  22 kobolds
  A leopard gecko skeleton (D:8)
  9 rats
446 creatures vanquished.

Vanquished Creatures (collateral kills)
  2 two-headed ogres
  An acid dragon (D:14)
  An orc priest (D:13)
  A worker ant (D:12)
  An orc (D:12)
6 creatures vanquished.

Vanquished Creatures (others)
  6 humans (D:14)
  A steam dragon (D:14)
  A wyvern skeleton (D:14)
  A demonic plant (Gauntlet)
  5 fungi (D:5)
  8 toadstools (D:5)
22 creatures vanquished.

Grand Total: 474 creatures vanquished

Notes
Turn   | Place    | Note
-------+----------+-------------------------------------------
     0 | D:1      | protoss039 the Spriggan Enchanter began the quest for the
                  | Orb.
     0 | D:1      | Reached XP level 1. HP: 9/9 MP: 5/5
   453 | D:1      | Reached XP level 2. HP: 13/13 MP: 7/7
   489 | D:1      | Learned a level 2 spell: Ensorcelled Hibernation
   688 | D:1      | Found a snail-covered altar of Cheibriados.
   722 | D:1      | Reached skill level 5 in Stealth
   742 | D:1      | Reached XP level 3. HP: 16/16 MP: 1/8
  1141 | D:2      | Noticed Terence
  1181 | D:2      | Killed Terence
  2359 | D:2      | Learned a level 3 spell: Confusing Touch
  2402 | D:3      | Reached XP level 4. HP: 21/21 MP: 6/10
  2572 | D:3      | Found an opulent altar of Gozag.
  3443 | D:3      | Reached skill level 1 in Ice Magic
  3463 | D:3      | Noticed Robin
  3480 | D:3      | Reached skill level 6 in Stealth
  3647 | D:3      | Killed Robin
  3647 | D:3      | Reached XP level 5. HP: 14/24 MP: 7/11
  3977 | D:4      | Noticed a phantom
  3985 | D:4      | Noticed an ogre
  4020 | D:3      | Killed an ogre
  4167 | D:4      | Noticed a phantom
  4357 | D:4      | Reached XP level 6. HP: 29/29 MP: 13/13
  4739 | D:4      | Learned a level 3 spell: Tukima's Dance
  4743 | D:4      | Learned a level 3 spell: Dazzling Flash
  4800 | D:4      | Reached skill level 1 in Throwing
  4800 | D:4      | Reached skill level 7 in Stealth
  4800 | D:4      | Reached skill level 5 in Hexes
  4957 | D:4      | You fall into a shaft and drop 1 floor!
  4957 | D:5      | Entered Level 5 of the Dungeon
  5040 | D:5      | Reached skill level 1 in Fighting
  5231 | D:5      | Reached XP level 7. HP: 24/33 MP: 7/14
  5604 | D:5      | Reached skill level 5 in Spellcasting
  5854 | D:5      | Reached skill level 8 in Stealth
  6088 | D:5      | Reached XP level 8. HP: 37/37 MP: 10/17
  6266 | D:5      | Noticed a slime creature
  6267 | D:5      | Noticed a slime creature
  6937 | D:5      | Killed a slime creature
  6937 | D:5      | Reached skill level 9 in Stealth
  7155 | D:5      | Killed a slime creature
  7353 | D:6      | Reached XP level 9. HP: 40/40 MP: 20/20
  7474 | D:6      | Reached skill level 10 in Stealth
  8018 | D:6      | Found a burning altar of Makhleb.
  8018 | D:6      | Noticed a green death
  8516 | D:7      | Found a staircase to the Ecumenical Temple.
  8523 | Temple   | Entered the Ecumenical Temple
  8778 | Temple   | Became a worshipper of Dithmenos the Shadowed
  8976 | D:7      | Reached skill level 1 in Invocations
  8984 | D:7      | Reached skill level 11 in Stealth
  9503 | D:7      | Found a blossoming altar of Fedhas.
  9547 | D:7      | Found a shattered altar of Ashenzari.
  9549 | D:7      | Found a white marble altar of Elyvilon.
  9917 | D:8      | Reached * piety under Dithmenos
 10084 | D:8      | Reached XP level 10. HP: 45/45 MP: 10/23
 10092 | D:8      | Reached skill level 12 in Stealth
 10698 | D:8      | Found a sparkling altar of Nemelex Xobeh.
 10896 | D:8      | Noticed Maggie
 10911 | D:8      | Killed Maggie
 10911 | D:8      | Reached skill level 13 in Stealth
 11373 | D:9      | Noticed Grum
 11375 | D:9      | Found a hide-covered altar of Uskayaw.
 11389 | D:9      | Killed Grum
 11507 | D:9      | Reached ** piety under Dithmenos
 11614 | D:9      | Noticed an unseen horror
 11622 | D:9      | Killed an unseen horror
 11622 | D:9      | Reached skill level 1 in Armour
 11671 | D:9      | Got a warped turquoise ring
 11689 | D:9      | Identified the ring "Muuch" {rPois MP+9 Str+2 Dex+2 Slay+2}
                  | (You found it on level 9 of the Dungeon)
 11750 | D:9      | Found a staircase to the Lair.
 11800 | D:9      | Noticed a manticore
 11860 | D:9      | Found a stormy altar of Qazlal.
 11860 | D:9      | Found a shimmering altar of Xom.
 11861 | D:9      | Killed a manticore
 11861 | D:9      | Reached skill level 5 in Dodging
 11871 | D:9      | Found an ornate altar of the Wu Jian Council.
 11939 | D:9      | Noticed Maurice
 11948 | D:9      | Killed Maurice
 11948 | D:9      | Reached XP level 11. HP: 49/49 MP: 25/25
 12034 | D:9      | Found a shimmering blue altar of Sif Muna.
 12122 | D:10     | Entered Level 10 of the Dungeon
 12135 | D:10     | Reached skill level 14 in Stealth
 12394 | D:10     | Reached skill level 5 in Short Blades
 12989 | D:10     | Reached *** piety under Dithmenos
 13480 | D:11     | Found Otifocs's Food Emporium.
 13626 | D:11     | Reached skill level 5 in Ice Magic
 13885 | D:11     | Reached skill level 5 in Invocations
 13932 | D:11     | Reached **** piety under Dithmenos
 14590 | D:12     | Found a blossoming altar of Fedhas.
 14594 | D:12     | Reached skill level 15 in Stealth
 14679 | D:12     | Found a staircase to the Orcish Mines.
 15106 | D:12     | Noticed a death knight
 15132 | D:12     | Killed a death knight
 15219 | D:12     | Noticed a two-headed ogre
 15226 | D:12     | Killed a two-headed ogre
 15226 | D:12     | Reached skill level 10 in Spellcasting
 15226 | D:12     | Reached skill level 10 in Hexes
 15348 | D:12     | Noticed a white ugly thing
 15355 | D:12     | Killed a white ugly thing
 15691 | D:13     | Noticed a deep elf mage
 15699 | D:13     | Killed a deep elf mage
 15699 | D:13     | Reached XP level 12. HP: 53/53 MP: 27/27
 15953 | D:13     | Reached skill level 1 in Conjurations
 15995 | D:13     | Reached skill level 16 in Stealth
 16645 | D:13     | Reached ***** piety under Dithmenos
 16718 | D:13     | Noticed a two-headed ogre
 16727 | D:13     | Killed a two-headed ogre
 17389 | D:13     | Noticed a two-headed ogre
 17396 | D:13     | Killed a two-headed ogre
 17475 | D:14     | Found Mav Unill's Distillery.
 17752 | D:14     | Noticed Kirke
 17753 | D:14     | Killed Kirke
 17788 | D:14     | Noticed a tengu warrior
 17812 | D:14     | Killed a tengu warrior
 17812 | D:14     | Reached skill level 17 in Stealth
 17850 | D:14     | Noticed a two-headed ogre
 17864 | D:14     | Reached XP level 13. HP: 59/59 MP: 27/29
 18479 | D:14     | Reached skill level 5 in Armour
 18767 | D:14     | Found a gate to the Vaults.
 19205 | D:14     | Learned a level 4 spell: Cause Fear
 19242 | D:15     | Entered Level 15 of the Dungeon
 19507 | D:14     | Learned a level 2 spell: Slow
 19510 | D:14     | Learned a level 2 spell: Swiftness
 19514 | D:14     | Learned a level 3 spell: Static Discharge
 19691 | D:15     | Reached skill level 1 in Charms
 19728 | D:15     | Found a staircase to the Depths.
 19737 | D:15     | Reached skill level 18 in Stealth
 19962 | D:15     | Reached skill level 1 in Air Magic
 20322 | D:15     | Got a shimmering buckler
 20371 | D:14     | Learned a level 4 spell: Airstrike
 21219 | D:15     | Reached XP level 14. HP: 52/65 MP: 18/31
 21712 | Lair:1   | Entered Level 1 of the Lair of Beasts
 21760 | Lair:1   | Found a gate leading to a gauntlet.
 21791 | Gauntlet | Entered a Gauntlet
 21791 | Gauntlet | Found a transporter.
 21791 | Gauntlet | Found a runed translucent door.
 21792 | Gauntlet | Found a runed translucent door.
 21794 | Gauntlet | Found a transporter.
 21796 | Gauntlet | Found a transporter.
 21805 | Gauntlet | Found a transporter.
 21807 | Gauntlet | Found a transporter.
 21819 | Gauntlet | Found a transporter.
 21826 | Gauntlet | Found a runed translucent door.
 21833 | Gauntlet | Found a transporter.
 21843 | Gauntlet | Found a transporter.
 21853 | Gauntlet | Found a transporter.
 21867 | Gauntlet | Found a transporter.
 21867 | Gauntlet | Found a transporter.
 21894 | Gauntlet | Found a transporter.
 21897 | Gauntlet | Found a transporter.
 21958 | Gauntlet | Found a transporter.
 22072 | Gauntlet | Engulfed by an ice statue's freezing vapour

Illustrated notes

Levels and vault maps discovered:
D:1:      grunt_arrival_lava_bath, layout_rooms, cheibriados_altar_1
D:2:      layout_basic, serial_co_window_serial, co_window_corner_a,
          co_window_paths_b, co_window_of_opportunity_a,
          co_window_of_opportunity_a, co_window_corner_a, co_window_paths_b,
          co_window_paths_c, co_window_corner_b, co_window_of_opportunity_b,
          co_window_2corner, co_window_broadway_a, co_window_paths_e,
          co_window_paths_d, glass_columns_c, uniq_terence
D:3:      layout_basic, nicolae_gozag_seed_capital, uniq_robin
D:4:      layout_rooms
D:5:      cheibrodos_fertilizer, layout_basic, first_ration,
          kennysheep_generic_room_15
D:6:      layout_gridville, makhleb_altar_promises_db, moated_statue
D:7:      layout_cave_pools, kennysheep_mini, gammafunk_temple_overflow_pools,
          minmay_temple_entry_crystal_x
D:8:      minmay_general_purpose_star, layout_layer_cave, kennysheep_mini_moat,
          grunt_livestock, uniq_maggie
D:9:      layout_rooms, kennysheep_little_box, nicolae_overflow_crystal_walls,
          eat_drink_and_be_merry_uskayaw, gammafunk_temple_overflow_elements,
          serial_glass, glass_columns_a, glass_columns_a, minmay_checkerbox,
          uniq_maurice, uniq_grum
D:10:     layout_irregular_city
D:11:     layout_loops_ring, serial_shops, shop, st_stairs_12
D:12:     layout_grid_maze, orc_david_3, minmay_misc_feat_doors,
          fedhas_bush_and_centaur_altar
D:13:     layout_rooms, elves_outpost_lemuel
D:14:     layout_roguey, david_vaults_2, wad_floor_pattern_untrapped,
          serial_shops, nicolae_shop_trees, uniq_kirke
D:15:     gammafunk_enter_depths_forms, layout_basic, minmay_misc_feat_square
Temple:   minmay_temple_curvy_loop
Lair:1:   kb_forest_paths, layout_regular_city, gauntlet_entry_generic,
          infiniplex_staircase_pool, uniq_joseph
Gauntlet: minmay_gauntlet_77_tree [minmay_gauntlet_arena_77_shame_cube,
          minmay_gauntlet_arena_77_two_paths, minmay_gauntlet_arena_77_p_blocks,
          minmay_gauntlet_arena_77_path, minmay_gauntlet_arena_77_double_cross,
          minmay_gauntlet_arena_77_braids, minmay_gauntlet_arena_77_mess,
          gauntlet_exit_hidden_loot]

Skill      XL: |  1  2  3  4  5  6  7  8  9 10 11 12 13 14 |
---------------+-------------------------------------------+-----
Spellcasting   | 3 4 5 7 8 9 10 11 12 | 12.4
Stealth        | 5 6 7 8 9 11 13 15 17 18 | 18.3
Hexes          | 4 5 7 8 9 10 | 10.3
Ice Magic      | 1 2 3 4 5 6 |  6.0
Short Blades   | 2 3 4 6 7 8 |  8.7
Throwing       | 1 2 |  2.0
Fighting       | 1 2 3 |  3.6
Dodging        | 4 5 6 7 |  7.0
Invocations    | 2 4 5 6 8 |  8.0
Armour         | 1 3 4 5 |  5.0
Conjurations   | 2 |  2.8
Charms         | 2 |  2.3
Air Magic      | 1 2 |  2.0

Action                   |  1- 3 |  4- 6 |  7- 9 | 10-12 | 13-15 || total
-------------------------+-------+-------+-------+-------+-------++-------
Melee: Dagger            |    75 |    95 |   291 |   461 |   219 ||  1141
Throw: Dart              |     4 |    44 |    19 |       |       ||    67
 Cast: Corona            |    18 |    13 |    35 |    24 |    15 ||   105
       Ensorcelled Hiber |    12 |    51 |   108 |   134 |    71 ||   376
       Confusing Touch   |       |     3 |    25 |    42 |    21 ||    91
       Dazzling Flash    |       |       |       |    19 |     2 ||    21
       Tukima's Dance    |       |       |       |    11 |     1 ||    12
       Static Discharge  |       |       |       |       |     5 ||     5
       Cause Fear        |       |       |       |       |     4 ||     4
       Airstrike         |       |       |       |       |     3 ||     3
Invok: Shadow Step       |       |       |       |       |     2 ||     2
Evoke: Wand              |       |       |    13 |       |       ||    13
  Use: Scroll            |       |     1 |     8 |     8 |     2 ||    19
       Potion            |       |       |       |     3 |       ||     3
 Stab: Sleeping          |    15 |    34 |    61 |   125 |    70 ||   305
       Distracted        |       |     1 |       |     3 |     7 ||    11
       Confused          |       |     5 |    26 |    36 |    21 ||    88
       Invisible         |       |       |       |     9 |     4 ||    13
  Eat: Ration            |       |     2 |     3 |     4 |     2 ||    11
Armor: Robe              |     8 |     1 |       |       |       ||     9
       Animal skin       |       |     3 |    22 |    55 |    11 ||    91
       Skin              |       |       |       |     5 |       ||     5
       Acid dragon scale |       |       |       |       |     2 ||     2
Dodge: Dodged            |    48 |    66 |   203 |   383 |   127 ||   827
Block: Other             |       |       |    19 |    82 |    24 ||   125
       Reflection        |       |       |       |    10 |     9 ||    19
